 Dungeon Crawl Stone Soup version 0.28-a0-1616-g050a50673c (webtiles) character file.

Game seed: 14098649373281169231

27503 Shayle the Covert (level 13, -20/101 HPs)
             Began as a Vampire Warper on Jan 22, 2022.
             Was an Initiate of Yredelemnul.
             Demolished by a reaper (24 damage)
             ... in an ice cave.
             The game lasted 01:18:55 (15838 turns).

Shayle the Covert (Vampire Warper)                 Turns: 15838, Time: 01:18:55

Health: -20/101    AC: 19    Str: 12    XL:     13   Next: 4%
Magic:  0/21       EV: 15    Int: 17    God:    Yredelemnul [......]
Gold:   386        SH:  5    Dex: 15    Spells: 14/22 levels left

rFire   x . .      SeeInvis +   X - +7 scimitar (flame)
rCold   + + .      Faith    .   w - +0 buckler
rNeg    . . .      Spirit   +   g - +0 ice dragon scales
rPois   .          Reflect  .   q - +0 helmet
rElec   .          Harm     .   T - +0 cloak
rCorr   .          Rampage  .   A - +1 pair of gloves
Will    +....                   Y - +1 pair of boots
Stlth   ++++......              Q - amulet of guardian spirit
HPRegen 0.46/turn               m - +4 ring of protection
MPRegen 0.17/turn               H - +4 ring of evasion

@: mighty, healing quickly
A: alive, fangs 3, see invisible, vampiric 2
a: Exsanguinate, Renounce Religion, Recall Undead Harvest


You were in an ice cave.
You worshipped Yredelemnul.
Yredelemnul was aware of your devotion.
You visited 3 branches of the dungeon, and saw 15 of its levels.
You also visited: Ice Cave.

You collected 557 gold pieces.
You spent 171 gold pieces at shops.

Inventory:

Hand Weapons
 c - a +2 mace of freezing
 j - a +2 dagger of draining
 p - a +2 dagger of protection
 v - a +2 flail of protection
 x - a +0 scimitar of chaos
 D - a +1 whip of pain
 F - the +10 shortbow "Embalmer" {venom, Will+ Str+6}
   (You found it on level 5 of the Dungeon)

   Any ammunition fired from it poisons the flesh of those it strikes.
   Str:       It affects your strength (+6).
   Will:      It increases your willpower.
 I - a +0 spectral quarterstaff
 V - a +1 vorpal morningstar
 X - a +7 scimitar of flaming (weapon)
Missiles
 d - 5 boomerangs of dispersal (quivered)
 k - 365 arrows
 C - 32 poisoned darts
 E - a boomerang
Armour
 b - a +0 leather armour
 g - +0 ice dragon scales (worn)
 l - a +1 ring mail of fire resistance
 q - a +0 helmet (worn)
 w - a +0 buckler (worn)
 A - a +1 pair of gloves (worn)
 R - the +3 tower shield of Ennui {Harm *Slow rPois}
   (You found it on level 7 of the Dungeon)

   rPois:     It protects you from poison.
   *Slow:     It may slow you when you take damage.
   Harm:      It increases damage dealt and taken.
 T - a +0 cloak (worn)
 W - +0 acid dragon scales
 Y - a +1 pair of boots (worn)
Jewellery
 a - a ring of magical power
 m - a +4 ring of protection (left hand)
 H - a +4 ring of evasion (right hand)
 M - a +6 ring of dexterity
 Q - an amulet of guardian spirit (around neck)
Wands
 n - a wand of polymorph (18)
 s - a wand of flame (20)
 N - a wand of iceblast (15)
 S - a wand of mindburst (9)
Scrolls
 f - 2 scrolls of magic mapping
 h - 10 scrolls of teleportation
 t - 4 scrolls of identify
 y - 2 scrolls of vulnerability
 P - a scroll of amnesia
Potions
 e - a potion of might
 i - a potion of attraction
 o - a potion of mutation
 r - 4 potions of curing
 u - a potion of resistance
 z - 2 potions of brilliance
 G - 2 potions of cancellation
 J - a potion of magic
 L - a potion of haste
 Z - a potion of degeneration


   Skills:
 + Level 9.6 Fighting
 + Level 3.0 Long Blades
 - Level 0.7 Throwing
 - Level 0.7 Armour
 + Level 10.3 Dodging
 - Level 14.0 Stealth
 - Level 4.0 Shields
 + Level 5.1 Spellcasting
 + Level 5.5 Necromancy
 - Level 2.4 Translocations
 + Level 11.2 Invocations


You had 14 spell levels left.
You knew the following spells:

 Your Spells              Type           Power      Damage    Failure   Level
a - Blink                 Tloc           24%        N/A       63%         2
b - Teleport Other        Tloc           12%        N/A       85%         3
c - Vampiric Draining     Necr           23%        2d7       41%         3

Your spell library contained the following spells:

 Spells                   Type           Power      Damage    Failure   Level
 Animate Skeleton         Necr           46%        N/A       14%         1
 Pain                     Necr           92%        1d8       14%         1
 Shock                    Conj/Air       16%        1d4       82%         1
 Slow                     Hex            16%        N/A       82%         1
 Gell's Gravitas          Tloc           12%        N/A       85%         3
 Lesser Beckoning         Tloc           12%        N/A       85%         3
 Ensorcelled Hibernation  Hex/Ice        8%         N/A       91%         2
 Passwall                 Tmut/Erth      3%         N/A       91%         2
 Static Discharge         Conj/Air       4%         N/A       91%         2
 Confusing Touch          Hex            4%         N/A       99%         3
 Swiftness                Air            4%         N/A       99%         3
 Airstrike                Air            2%         N/A       100%        4
 Lightning Bolt           Conj/Air       2%         1d13      100%        5
 Manifold Assault         Tloc           12%        N/A       100%        5
 Maxwell's Capacitive Co  Air            2%         ∞         100%        8


Dungeon Overview and Level Annotations

Branches:
Dungeon (11/15)            Temple (1/1) D:4            Lair (3/6) D:8
 Spider (0/4) Lair:2          Orc (0/2) D:9           IceCv (1/1)
  Swamp: Lair:2-4    Shoals: Lair:2-4

Altars:
Ashenzari
Cheibriados
Dithmenos
Elyvilon
Fedhas
Gozag
Hepliaklqana
Kikubaaqudgha
Makhleb
Okawaru
Qazlal
Ru
Sif Muna
Trog
Uskayaw
Vehumet
Wu Jian
Xom
Yredelemnul
Zin
The Shining One

Shops:
D:1 ?   D:6 !   D:8 [:

Annotations:
D:3 2 transporters, indyram44's ghost, amateur DsFi
D:10 2 runed translucent doors
Lair:2 1 runed translucent door


Innate Abilities, Weirdness & Mutations

Your natural rate of healing is accelerated.
You have razor-sharp teeth.
You have supernaturally acute eyesight. (SInv)
You are afflicted with vampirism and can become a bat while bloodless.


Message History

The reaper is moderately wounded.
The reaper closely misses you.
Okay, then.
You hit the reaper. You burn the reaper.
The reaper is moderately wounded.
The reaper hits you with a +0 scythe of freezing!
* * * LOW HITPOINT WARNING * * *
The reaper freezes you.
* * * LOW HITPOINT WARNING * * *
Unknown command.
You slash the reaper! You burn the reaper.
The reaper is heavily wounded.
The reaper hits you with a +0 scythe of freezing!
* * * LOW HITPOINT WARNING * * *
The reaper freezes you.
* * * LOW HITPOINT WARNING * * *
Unknown command.
You slash the reaper! You burn the reaper.
The reaper is severely wounded.
The reaper closely misses you. The reaper shouts, "Death awaits you!"
The reaper completely misses you.
You closely miss the reaper.
The reaper is severely wounded.
The reaper shouts, "Die, Shayle!"
The reaper hits you with a +0 scythe of freezing.
* * * LOW HITPOINT WARNING * * *
Unknown command.
You slash the reaper! You burn the reaper.
You bite the reaper, but do no damage.
The reaper is severely wounded.
The reaper completely misses you.
You closely miss the reaper.
The reaper is severely wounded.
The reaper barely misses you.
You hit the reaper but do no damage. Your bite misses the reaper.
The reaper is severely wounded.
The reaper hits you with a +0 scythe of freezing!!
You die...
Yredelemnul claims you as an undead slave.

### ..## # .ZZ# #### .2.
≈≈≈######## ### 5.
≈≈≈≈≈≈##..# ##.## .###}#
≈≈≈≈≈≈..#.####.∩.###.$([)#
#≈≈≈≈≈≈###......@25Z#
#≈≈#≈### ######.#####
###### ###


You could see a reaper, a wolf simulacrum and an ufetubus.

Vanquished Creatures
  3 hydras
  An ogre mage (D:10)
  A black mamba (Lair:1)
  2 komodo dragons
  An unseen horror (D:10)
  A troll (D:10)
  3 hornets
  A polar bear (Lair:2)
  3 blink frogs (Lair:2)
  A shadow (D:9)
  2 wyverns
  17 yaks
  2 basilisks
  A harpy simulacrum (IceCv)
  2 acid dragons
  5 water moccasins
  2 sky beasts
  A hornet zombie (D:8)
  An ice beast (D:7)
  A black bear (D:7)
  An orc warrior (D:9)
  2 ogres (D:5)
  2 wolves (Lair:1)
  8 centaurs
  2 phantoms
  3 kobold brigands
  2 bullfrogs
  4 scorpions
  2 cane toad simulacra (IceCv)
  A water moccasin zombie (D:6)
  2 two-headed ogre simulacra (IceCv)
  A water moccasin skeleton (D:6)
  4 wights
  An electric eel (Lair:2)
  2 howler monkeys (D:7)
  A bullfrog zombie (D:5)
  4 centaur zombies
  2 orc priests
  4 hounds
  A gnoll shaman (D:4)
  2 bullfrog skeletons
  3 centaur skeletons
  Jessica (D:2)
  Terence (D:2)
  2 iguanas
  Natasha (thrice) (D:2)
  8 orc wizards
  2 polar bear simulacra (IceCv)
  5 spriggan simulacra (IceCv)
  4 troll simulacra (IceCv)
  3 wolf simulacra (IceCv)
  2 killer bee zombies
  Robin (D:1)
  2 naga simulacra (IceCv)
  4 adders
  A shadow imp (D:6)
  15 white imps
  3 ufetubi
  An adder skeleton (D:4)
  2 worms
  A dart slug (D:4)
  37 orcs
  8 endoplasms
  4 giant cockroaches
  12 goblins
  9 hobgoblins
  15 kobolds
  3 quokkas
  2 ball pythons
  6 bats
  5 frilled lizards
  2 rats (D:1)
269 creatures vanquished.

Vanquished Creatures (collateral kills)
  A two-headed ogre (D:9)
  A hydra (Lair:2)
  A centaur warrior (D:10)
  A manticore (D:10)
  An elephant (D:8)
  A torpor snail (Lair:2)
  6 cane toads
  3 rime drakes
  Maggie (D:7)
  A demonic crawler (Lair:2)
  4 komodo dragons
  A polar bear (Lair:2)
  4 blink frogs (Lair:2)
  A wraith (D:7)
  20 yaks
  2 basilisks
  A steam dragon (D:7)
  5 water moccasins
  A sky beast (D:6)
  3 orc warriors
  4 black bears
  6 wolves (Lair:1)
  4 bullfrogs
  3 scorpions
  An electric eel (Lair:2)
  A centaur zombie (D:8)
  A hound (D:4)
  4 orc priests
  An orc wizard (D:6)
  A troll simulacrum (IceCv)
  A howler monkey skeleton (D:5)
  3 gnolls (D:4)
  An adder (D:4)
  4 white imps
  4 worms
  8 orcs
  A giant cockroach (Lair:2)
  A quokka (D:5)
  2 kobolds (D:8)
  3 bushes (Lair:2)
113 creatures vanquished.

Vanquished Creatures (others)
  A hydra zombie (Lair:1)
  A cane toad zombie (Lair:2)
  2 blink frog zombies (Lair:2)
  A human (D:9)
  A rime drake zombie (Lair:2)
  4 water moccasin zombies
  4 yak zombies
  2 wolf zombies (Lair:1)
  A bullfrog zombie (Lair:2)
  3 centaur zombies
  2 black bear zombies (Lair:1)
  A scorpion zombie (Lair:2)
  An orc wizard (D:5)
  A sky beast zombie (D:6)
  An ogre zombie (D:5)
  A hound zombie (D:6)
  2 worm zombies (D:5)
  12 orc zombies
  3 spectral white imps (IceCv)
  An adder zombie (D:6)
  A spectral shadow imp (D:6)
  A gnoll zombie (D:4)
  A goblin zombie (D:4)
  3 kobold zombies
  2 quokka zombies
  2 spectral ufetubi
  20 fungi
  77 plants
  3 toadstools (Lair:2)
155 creatures vanquished.

Grand Total: 537 creatures vanquished

Notes
Turn   | Place    | Note
-------+----------+-------------------------------------------
     0 | D:1      | Shayle the Vampire Warper began the quest for the Orb.
     0 | D:1      | Reached XP level 1. HP: 16/16 MP: 3/3
    47 | D:1      | Reached skill level 1 in Stealth
   123 | D:1      | Reached skill level 2 in Stealth
   190 | D:1      | Reached XP level 2. HP: 21/22 MP: 5/5
   195 | D:1      | Reached skill level 3 in Stealth
   395 | D:1      | Found Sosux's Magic Scroll Shoppe.
   398 | D:1      | Bought a scroll of identify for 28 gold pieces
   963 | D:2      | Noticed Terence
   984 | D:2      | Killed Terence
   985 | D:2      | Reached skill level 5 in Stealth
   985 | D:2      | Gained mutation: You are afflicted with vampirism and can
                  | become a bat while bloodless. [Vampire growth]
   985 | D:2      | Reached XP level 3. HP: 16/27 MP: 6/6
   989 | D:2      | Noticed Jessica
  1075 | D:2      | Noticed Natasha
  1083 | D:2      | Killed Natasha
  1156 | D:2      | Killed Jessica
  1157 | D:2      | Reached skill level 6 in Stealth
  1157 | D:2      | Reached XP level 4. HP: 33/33 MP: 7/7
  1208 | D:2      | Noticed Natasha
  1226 | D:2      | Killed Natasha
  1227 | D:2      | Reached skill level 7 in Stealth
  1304 | D:2      | Noticed Robin
  1361 | D:1      | Killed Robin
  1362 | D:1      | Reached XP level 5. HP: 32/38 MP: 8/8
  2073 | D:2      | Reached skill level 8 in Stealth
  2549 | D:3      | Found a transporter.
  2553 | D:3      | Noticed a phantom
  2553 | D:3      | Noticed indyram44's ghost (amateur DsFi)
  2598 | D:3      | Found a faded altar of an unknown god.
  2647 | D:3      | Found a transporter.
  2777 | D:4      | Reached skill level 9 in Stealth
  2905 | D:4      | Reached XP level 6. HP: 44/44 MP: 9/9
  2905 | D:4      | Found a staircase to the Ecumenical Temple.
  2921 | Temple   | Entered the Ecumenical Temple
  2988 | Temple   | Became a worshipper of Yredelemnul the Dark
  3095 | D:4      | Reached skill level 1 in Invocations
  3095 | D:4      | Reached * piety under Yredelemnul
  3267 | D:4      | Reached skill level 10 in Stealth
  3345 | D:4      | Found a shimmering blue altar of Sif Muna.
  3647 | D:5      | Entered Level 5 of the Dungeon
  3775 | D:5      | Reached XP level 7. HP: 49/49 MP: 10/10
  3894 | D:5      | Reached skill level 11 in Stealth
  3900 | D:5      | Identified the +10 shortbow "Embalmer" {venom, Will+ Str+6}
  4027 | D:5      | Found a broken altar of Ashenzari.
  4449 | D:5      | Reached skill level 12 in Stealth
  4449 | D:5      | Reached XP level 8. HP: 19/55 MP: 11/11
  5056 | D:6      | Reached skill level 5 in Invocations
  5346 | D:6      | Reached skill level 13 in Stealth
  5405 | D:6      | Found Ritenob's Distillery.
  5437 | D:6      | Bought a potion of curing for 33 gold pieces
  5437 | D:6      | Bought a potion of haste for 110 gold pieces
  5570 | D:6      | Found an opulent altar of Gozag.
  5593 | D:6      | Reached skill level 14 in Stealth
  5853 | D:6      | Reached XP level 9. HP: 56/61 MP: 13/13
  6363 | D:7      | Noticed Maggie
  6440 | D:7      | Identified the +3 tower shield of Ennui {Harm *Slow rPois}
  6887 | D:7      | Killed Maggie
  7147 | D:8      | Reached skill level 1 in Shields
  7153 | D:8      | Reached ** piety under Yredelemnul
  7391 | D:8      | Found a staircase to the Lair.
  7391 | D:8      | Noticed an elephant
  7421 | D:7      | Reached skill level 5 in Fighting
  7641 | D:8      | Reached XP level 10. HP: 66/74 MP: 16/16
  7659 | D:8      | Killed an elephant
  7907 | D:8      | Found Moad's Book Shop.
  7908 | D:8      | Found Orhiest's Antique Armour Emporium.
  7966 | D:8      | Found a snail-covered altar of Cheibriados.
  8060 | D:8      | Reached skill level 5 in Dodging
  8467 | D:8      | You fall into a shaft and drop 1 floor!
  8806 | D:2      | Noticed Natasha
  8834 | D:2      | Killed Natasha
  9380 | D:9      | Noticed a two-headed ogre
  9572 | D:8      | Paralysed by a hornet for 2 turns
  9896 | D:9      | Found a staircase to the Orcish Mines.
 10194 | D:9      | Found an ancient bone altar of Kikubaaqudgha.
 10234 | D:9      | Found an iron altar of Okawaru.
 10460 | D:9      | Killed a two-headed ogre
 10461 | D:9      | Reached XP level 11. HP: 16/83 MP: 17/17
 10704 | D:10     | Entered Level 10 of the Dungeon
 10707 | D:10     | Found a hide-covered altar of Uskayaw.
 10707 | D:10     | Noticed a +0 hand axe
 10708 | D:10     | Noticed a +0 dagger
 10857 | Lair:1   | Entered Level 1 of the Lair of Beasts
 11077 | Lair:1   | HP: 2/84 [wolf (9)]
 11253 | Lair:1   | Noticed a four-headed hydra
 11270 | Lair:1   | Killed a one-headed hydra
 11492 | D:10     | Noticed a centaur warrior
 11492 | D:10     | Noticed an ogre mage
 11705 | D:10     | Found a runed translucent door.
 11706 | D:10     | Found a runed translucent door.
 11765 | D:10     | Killed an ogre mage
 11848 | D:10     | Killed a centaur warrior
 11849 | D:10     | Reached skill level 10 in Invocations
 12714 | D:11     | Noticed a purple ugly thing
 12891 | Lair:1   | Learned a level 2 spell: Blink
 12895 | Lair:1   | Learned a level 3 spell: Teleport Other
 12899 | Lair:1   | Learned a level 3 spell: Vampiric Draining
 13073 | Lair:1   | Reached skill level 1 in Necromancy
 13240 | Lair:1   | Reached XP level 12. HP: 59/94 MP: 15/19
 13242 | Lair:1   | Reached *** piety under Yredelemnul
 13255 | Lair:1   | Reached **** piety under Yredelemnul
 13296 | Lair:1   | Reached ***** piety under Yredelemnul
 14005 | Lair:2   | Noticed a five-headed hydra
 14027 | Lair:2   | Killed a one-headed hydra
 14165 | Lair:2   | Found a hole to the Spider Nest.
 14168 | Lair:2   | Noticed a four-headed hydra
 14178 | Lair:2   | Killed a four-headed hydra
 14184 | Lair:2   | Reached skill level 10 in Dodging
 14260 | Lair:2   | Reached skill level 5 in Necromancy
 14762 | Lair:2   | Noticed a dire elephant
 14762 | Lair:2   | Noticed a catoblepas
 14782 | Lair:2   | Found a runed translucent door.
 15311 | Lair:3   | Reached skill level 5 in Spellcasting
 15330 | Lair:3   | Found a frozen archway.
 15337 | Lair:3   | Noticed a six-headed hydra
 15350 | Lair:3   | Killed a one-headed hydra
 15387 | Lair:3   | Reached XP level 13. HP: 67/101 MP: 12/21
 15436 | IceCv    | Entered an ice cave
 15817 | IceCv    | Noticed a reaper
 15833 | IceCv    | HP: 4/101 [reaper (10)]
 15838 | IceCv    | Demolished by a reaper

Illustrated notes

Levels and vault maps discovered:
D:1:      dpeg_arrival_long_road, layout_loops_corners, serial_shops,
          nicolae_shop_behind_doors, nrook_campfire
D:2:      layout_loops_corners, minmay_hedge_maze, uniq_robin, uniq_jessica,
          uniq_natasha, uniq_terence
D:3:      layout_basic, gammafunk_ghost_arena, shapermc_ecumenical_altar_pompeii
D:4:      layout_loops_ring, nicolae_overflow_squiral,
          mainiacjoe_overflow_boulevard, minmay_temple_entry_large_hall,
          hangedman_decor_points, kennysheep_small_square
D:5:      black_bear_nest_2, layout_rooms, ashenzari_altar_1,
          wad_rectangle_vault, uniq_pikel
D:6:      layout_basic, old_standard_altar, serial_shops, shop_statue
D:7:      layout_loops_cross, serial_glass, glass_columns_b, glass_columns_a,
          uniq_maggie
D:8:      layout_loops_corners, general_overflow_altar, david_lair_generic,
          nicolae_wooded_promenade
D:9:      minmay_spotlight, layout_rooms, okawaru_ov_weapons_minmay,
          tgw_kikubaaqudgha, david_orc_3
D:10:     lemuel_insect_pit, layout_gridville, dancing_weapons_uskayaw,
          grunt_tough_drop
D:11:     layout_loops_cross, uniq_fannar
Temple:   nicolae_temple_god_jail
Lair:1:   layout_regular_city, beast_lair_carwin_4, grunt_megastairs_4
Lair:2:   gammafunk_lair_enchanted_lake, layout_chaotic_city,
          nicolae_spider_entry_non_spiders, serial_forest,
          infiniplex_forest_corner_1, infiniplex_forest_straight_4,
          infiniplex_forest_straight_4, infiniplex_forest_corner_1,
          infiniplex_forest_end_2, infiniplex_forest_end_1,
          infiniplex_forest_side_room, infiniplex_forest_straight_2,
          infiniplex_forest_straight_1, serial_bayou_shore_a,
          serial_bayou_shore_b
Lair:3:   layout_long_grid, portal_ice_cave_entry_imps, grunt_megastairs_3
IceCv:    ice_cave_caverns_01

Skill      XL: |  1  2  3  4  5  6  7  8  9 10 11 12 13 |
---------------+----------------------------------------+-----
Stealth        | 2 5 6 7 9 10 12 14 | 14.0
Invocations    | 2 4 6 8 9 10 11 | 11.2
Fighting       | 2 5 6 8 9 |  9.6
Shields        | 2 4 |  4.0
Dodging        | 3 6 9 10 | 10.3
Necromancy     | 2 5 |  5.5
Spellcasting   | 5 |  5.1
Long Blades    | 3 |  3.0
Throwing       | |  0.7
Armour         | |  0.7
Translocations | |  2.4

Action                   |  1- 3 |  4- 6 |  7- 9 | 10-12 | 13-15 || total
-------------------------+-------+-------+-------+-------+-------++-------
Melee: Falchion          |    41 |       |       |       |       ||    41
       Bite              |    11 |    20 |    60 |    68 |     6 ||   165
       Dagger            |    25 |   136 |    60 |    66 |       ||   287
       Scimitar          |       |    90 |   258 |   421 |    95 ||   864
       Punch             |       |     1 |       |     5 |       ||     6
       Flail             |       |       |    65 |       |       ||    65
 Fire: Shortbow          |       |       |       |    14 |       ||    14
Invok: Dark Bargain      |       |       |     1 |    10 |       ||    11
       Drain Life        |       |       |       |     1 |       ||     1
Evoke: Wand              |       |       |       |     8 |       ||     8
  Use: Scroll            |     1 |       |     6 |    26 |       ||    33
       Potion            |       |       |     1 |     7 |     2 ||    10
 Stab: Sleeping          |     2 |    14 |    14 |    10 |     1 ||    41
       Distracted        |       |     1 |     7 |     2 |     1 ||    11
Armor: Leather armour    |    25 |   100 |   259 |   221 |    11 ||   616
       Skin              |     2 |       |       |       |       ||     2
       Ice dragon scales |       |       |       |       |    26 ||    26
Dodge: Dodged            |    48 |   118 |   341 |   610 |    72 ||  1189
Block: Buckler           |       |    17 |    76 |    56 |    16 ||   165

Table legend: (Time is in decaauts)
 A = Elapsed time spent in this place.
 B = Non-inter-level travel time spent in this place.
 C = Inter-level travel time spent in this place.
 D = Time resting spent in this place.
 E = Time spent auto-exploring this place.
 F = Levels seen in this place.
 G = Mean time per level.
                   A        B        C        D        E       F      G
               +--------+--------+--------+--------+--------+-----+--------+
         Total |  16263 |  15321 |    942 |   2636 |   6399 |  16 | 1016.4 |
       Dungeon |  12610 |  11728 |    882 |   1964 |   5197 |  11 | 1146.4 |
        Temple |     84 |     84 |      0 |      0 |     21 |   1 |   84.0 |
          Lair |   3144 |   3085 |     59 |    558 |   1181 |   3 | 1048.0 |
      Ice Cave |    423 |    423 |      0 |    114 |      0 |   1 |  423.0 |
               +--------+--------+--------+--------+--------+-----+--------+

Top non-repeatable levels by time:
     D:8: 2255 daAuts
     D:5: 1474 daAuts
  Lair:1: 1455 daAuts
  Lair:2: 1420 daAuts
     D:7: 1406 daAuts
    D:10: 1248 daAuts
     D:2: 1200 daAuts
     D:1: 1095 daAuts
     D:4: 1067 daAuts
     D:9: 1017 daAuts
     D:6: 969 daAuts
     D:3: 683 daAuts
   IceCv: 423 daAuts
  Lair:3: 268 daAuts
    D:11: 192 daAuts
